 Dungeon Crawl Stone Soup version 0.23.2-40-g277498a001 (webtiles) character file.

Game seed: 17234270359031441702

12492 MalarOregon the Protected (level 11, -6/68 HPs)
             Began as a Gargoyle Earth Elementalist on Aug 27, 2019.
             Was a Priest of Makhleb.
             Mangled by an orc warlord
             ... wielding a +0 war axe
              (28 damage)
             ... in a bailey.
             The game lasted 00:28:51 (11756 turns).

MalarOregon the Protected (GrEE)                   Turns: 11756, Time: 00:28:52

Health: -6/68      AC: 23    Str: 13    XL:     11   Next: 94%
Magic:  26/26      EV: 17    Int: 18    God:    Makhleb [***...]
Gold:   616        SH:  0    Dex: 20    Spells: 3/18 levels left

rFire    x . .     SeeInvis .   a - +8 dire flail (holy)
rCold    + + .     Gourm    .   (shield currently unavailable)
rNeg     + . .     Faith    .   J - +0 ice dragon scales
rPois    ∞         Spirit   .   K - +0 helmet
rElec    +         Reflect  .   D - +0 cloak
rCorr    .         Harm     .   (no gloves)
MR       .....                  (no boots)
Stlth    +++.......             (no amulet)
HPRegen  0.21/turn              l - ring of magical power
MPRegen  0.20/turn              I - +5 ring of dexterity

@: agile
A: negative energy resistance 1, electricity resistance, unbreathing,
petrification resistance, rot immunity, AC +8
a: Minor Destruction, Lesser Servant of Makhleb, Renounce Religion


You were in a bailey.
You worshipped Makhleb.
Makhleb was most pleased with you.
You were hungry.

You visited 2 branches of the dungeon, and saw 12 of its levels.
You also visited: Bailey.

You collected 616 gold pieces.

Inventory:

Hand Weapons
 a - a +8 dire flail of holy wrath (weapon)
   (You took it off Edmund on level 6 of the Dungeon)
Missiles
 b - 373 stones (quivered)
Armour
 p - a +0 buckler
   (You found it on level 4 of the Dungeon)
 D - a +0 cloak (worn)
   (You found it on level 7 of the Dungeon)
 J - +0 ice dragon scales (worn)
   (You found it on level 9 of the Dungeon)
 K - a +0 helmet (worn)
   (You found it on level 10 of the Dungeon)
Jewellery
 l - a ring of magical power (left hand)
   (You found it on level 4 of the Dungeon)
 m - an uncursed ring of stealth
   (You found it on level 4 of the Dungeon)
 w - a +2 ring of strength
   (You found it on level 5 of the Dungeon)
 I - a +5 ring of dexterity (right hand)
   (You found it on level 9 of the Dungeon)
Wands
 u - a wand of paralysis (5)
   (You found it on level 6 of the Dungeon)
 x - a wand of acid (6)
   (You found it on level 8 of the Dungeon)
 y - a wand of polymorph (5)
   (You found it on level 5 of the Dungeon)
 H - a wand of enslavement (4)
   (You found it on level 5 of the Dungeon)
Scrolls
 d - 4 scrolls of remove curse {@r2}
 j - 2 scrolls of enchant weapon
 k - 12 scrolls of teleportation {@r4}
 q - 2 scrolls of fog
 v - 2 scrolls of blinking
 E - a scroll of immolation {!r}
 G - a scroll of enchant armour
Potions
 c - a potion of magic {unknown}
 f - 4 potions of curing {@q1}
 g - 2 potions of lignification {!q}
 h - a potion of ambrosia {unknown}
 i - 2 potions of haste {@q3}
 n - 2 potions of brilliance
 o - 3 potions of agility
 s - a potion of mutation {!q}
 A - 2 potions of cancellation
 B - 2 potions of heal wounds {@q2}
 C - a potion of degeneration {unknown}
 F - a potion of might
Comestibles
 e - 28 rations {!d}


   Skills:
 + Level 7.8 Fighting
 + Level 7.4 Maces & Flails
 + Level 8.8 Armour
 - Level 5.0 Dodging
 - Level 6.0 Stealth
 - Level 4.1 Shields
 - Level 4.0 Spellcasting
 + Level 7.8 Conjurations
 - Level 0.7 Transmutations
 + Level 8.1 Earth Magic
 - Level 1.2 Invocations
 - Level 1.4 Evocations


You had 3 spell levels left.
You knew the following spells:

 Your Spells              Type           Power        Failure   Level  Hunger
a - Sandblast             Erth           ####..       2%          1    None
b - Petrify               Tmut/Erth      ###.....     75%         4    ####...
c - Lee's Rapid Deconstr  Erth           ####......   56%         5    ######.
q - Passwall              Tmut/Erth      ###.....     17%         2    ##.....
x - Stone Arrow           Conj/Erth      ####..       8%          3    ###....

Your spell library contained the following spells:

 Spells                   Type           Power        Failure   Level  Hunger
 Magic Dart               Conj           ####         2%          1    None
 Searing Ray              Conj           ####..       4%          2    ##.....
 Conjure Flame            Conj/Fire      ###.....     38%         3    ###....
 Dazzling Spray           Conj/Hex       ###...       38%         3    ###....
 Mephitic Cloud           Conj/Pois/Air  ##......     58%         3    ###....
 Blink                    Tloc           N/A          71%         2    ##.....
 Call Imp                 Summ           #.......     71%         2    ##.....
 Slow                     Hex            #.......     71%         2    ##.....
 Iskenderun's Mystic Bla  Conj           ####....     28%         4    ####...
 Force Lance              Conj/Tloc      ###.....     80%         4    ####...
 Fulminant Prism          Conj/Hex       ###.......   80%         4    ####...


Dungeon Overview and Level Annotations

Branches:
Dungeon (11/15)            Temple (1/1) D:5            Lair (0/6) D:11
    Orc: D:9-12

Altars:
Ashenzari
Cheibriados
Dithmenos
Elyvilon
Fedhas
Gozag
Hepliaklqana
Kikubaaqudgha
Makhleb
Nemelex Xobeh
Okawaru
Qazlal
Ru
Sif Muna
Trog
Uskayaw
Vehumet
Wu Jian
Xom
Yredelemnul
Zin
The Shining One

Shops:
D:7 }   D:9 !(


Innate Abilities, Weirdness & Mutations

You are resistant to torment.
Your stone body is resilient. (AC +8)
You are immune to poison.
You resist negative energy. (rN+)
You are resistant to electric shocks. (rElec)
You can survive without breathing.
You are immune to petrification.
You are immune to rotting.


Message History

Your hellwing hits the gnoll but does no damage.
You hit the orc warlord but do no damage.
The gnoll hits your smoke demon but does no damage.
The gnoll barely misses your ynoxinul.
The gnoll completely misses your hellwing.
Your smoke demon gestures at the orc warlord.
The sticky flame hits the orc warlord.
The orc warlord is covered in liquid flames!
Your hellwing swoops through the air toward the orc warlord!
Your hellwing hits the orc warlord.
Your hellwing hits the orc warlord but does no damage.
Your ynoxinul hits the orc warlord! You puncture the orc warlord!
The orc warlord burns!
The orc warlord hits you but does no damage.
The orc warlord hits your hellwing with a +0 war axe.
The orc warlord misses your ynoxinul.
The orc warlord hits your smoke demon with a +0 war axe!
The gnoll hits your smoke demon with a +0 hand axe.
The gnoll hits your ynoxinul with a +0 hand axe.
Your smoke demon gestures at the orc warlord.
The orc warlord is smitten.
Your ynoxinul gestures.
Your hellwing hits the orc warlord. x2
You puncture the orc warlord!
The orc warlord burns!
The orc warlord hits you but does no damage.
The orc warlord hits your smoke demon with a +0 war axe!
Your smoke demon dies!
The orc warlord misses your ynoxinul.
The orc warlord hits your ufetubus with a +0 war axe!!
Your ufetubus dies!
The orc warlord hits your hellwing but does no damage.
You puncture the gnoll!
You kill the gnoll!
Makhleb accepts your kill.
Your hellwing disappears in a puff of smoke!
The orc warlord burns!
Your ynoxinul barely misses the orc warlord.
The orc warlord hits you with a +0 war axe!!
The orc warlord hits your ynoxinul with a +0 war axe!!
Your ynoxinul dies!
Your ufetubus disappears in a puff of smoke!
You hit the orc warlord but do no damage.
The orc warlord burns!
The orc warlord hits you with a +0 war axe!
* * * LOW HITPOINT WARNING * * *
You hit the orc warlord.
The orc warlord burns!
Unknown command.
You puncture the orc warlord!
The orc warlord burns!
The orc warlord hits you with a +0 war axe!!
You die...

##### ##### ##...## ##...##
##.....## ##.....##
##.....([#######.......##
##..8..8[..........8..8..##
#........(................#
#..........(.)@...........#
#...8......#'o'#(.....8...#
##....(.####≈)≈####(.....##
♣##.....#≈≈≈≈≈≈≈≈≈#.[[..##♣
♣.##....#≈.8...8.≈#....##.♣
♣♣..###'###.......###'###..♣♣
♣..(≈≈≈.#≈≈.8...8.≈≈#.≈≈≈...♣
♣♣...≈≈≈.#≈.........≈#.≈≈≈...♣♣
♣∩.((≈≈≈.#≈....∩....≈#(≈≈≈...∩♣


You could see an orc warlord (burning).

Vanquished Creatures
  The ghost of bildradio the Geomancer, a journeyman GrEE of Vehumet (D:10)
  2 two-headed ogres
  2 ogre magi (D:8)
  A wolf spider zombie (D:10)
  A kobold demonologist (D:8)
  A komodo dragon (D:10)
  A troll (D:10)
  4 hippogriffs
  4 yaks (D:10)
  2 wyverns
  A human (D:7)
  A wraith (D:10)
  4 hogs (D:7)
  2 hungry ghosts
  Edmund (D:6)
  Duvessa (D:7)
  4 ice beasts
  7 orc warriors
  A black bear (D:8)
  4 sky beasts
  7 ogres
  A phantom (D:7)
  4 centaurs
  A crocodile (D:9)
  6 bullfrogs
  Dowan (D:6)
  3 killer bees (D:7)
  7 wights
  A spectral bullfrog (D:10)
  5 crimson imps
  2 centaur zombies
  7 hounds
  A jelly (D:10)
  2 centaur skeletons
  3 orc priests
  An iron imp (D:6)
  2 iguanas
  7 orc wizards
  8 worker ants
  A bullfrog simulacrum (D:10)
  2 centaur simulacra (D:10)
  A hound skeleton (D:6)
  2 worker ant zombies
  6 gnolls
  10 adders
  2 shadow imps
  2 oozes (D:4)
  2 worms
  A dart slug (D:2)
  6 leopard geckos
  26 orcs
  A ball python (D:7)
  5 bats
  7 giant cockroaches
  7 goblins
  12 hobgoblins
  5 jackals
  2 quokkas
  4 frilled lizards
  19 kobolds
  A leopard gecko zombie (D:3)
  2 quokka skeletons
  7 rats
247 creatures vanquished.

Vanquished Creatures (collateral kills)
  A two-headed ogre (D:10)
  A wyvern (D:10)
  A hobgoblin (Bailey)
3 creatures vanquished.

Vanquished Creatures (others)
  An orc wizard (D:8)
1 creature vanquished.

Grand Total: 251 creatures vanquished

Notes
Turn   | Place    | Note
-------+----------+-------------------------------------------
     0 | D:1      | MalarOregon the Gargoyle Earth Elementalist began the quest
                  | for the Orb.
     0 | D:1      | Reached XP level 1. HP: 10/10 MP: 3/3
   393 | D:1      | Reached XP level 2. HP: 15/15 MP: 3/5
   401 | D:1      | Learned a level 2 spell: Passwall
   904 | D:1      | Reached XP level 3. HP: 18/19 MP: 1/6
  1680 | D:2      | Reached XP level 4. HP: 24/24 MP: 2/7
  1869 | D:3      | Learned a level 3 spell: Stone Arrow
  2647 | D:4      | Found a blossoming altar of Fedhas.
  2730 | D:4      | Reached XP level 5. HP: 28/28 MP: 5/9
  2963 | D:4      | Noticed an ogre
  2969 | D:4      | Killed an ogre
  2969 | D:4      | Reached skill level 1 in Conjurations
  3010 | D:4      | Learned a level 4 spell: Petrify
  3031 | D:4      | Reached skill level 1 in Shields
  3154 | D:5      | Entered Level 5 of the Dungeon
  3160 | D:5      | Noticed an ogre
  3165 | D:5      | Killed an ogre
  3165 | D:5      | Reached XP level 6. HP: 32/32 MP: 6/10
  3226 | D:5      | Noticed a sky beast
  3231 | D:5      | Killed a sky beast
  3231 | D:5      | Reached skill level 5 in Earth Magic
  3450 | D:5      | HP: 1/32 [centaur (3)]
  3452 | D:5      | Reached XP level 7. HP: 11/36 MP: 8/12
  3672 | D:5      | Found a staircase to the Ecumenical Temple.
  3718 | Temple   | Entered the Ecumenical Temple
  3887 | Temple   | Became a worshipper of Makhleb the Destroyer
  4564 | D:5      | Found an iron altar of Okawaru.
  4884 | D:6      | Noticed Edmund
  4933 | D:6      | Killed Edmund
  4933 | D:6      | Reached skill level 5 in Stealth
  4933 | D:6      | Reached XP level 8. HP: 15/41 MP: 0/14
  5399 | D:6      | Found a snail-covered altar of Cheibriados.
  5490 | D:6      | Found a glowing golden altar of the Shining One.
  5502 | D:6      | Reached skill level 1 in Fighting
  5502 | D:6      | Reached skill level 1 in Maces & Flails
  5790 | D:7      | Found Meigoaq's Gadget Shop.
  5790 | D:7      | Noticed Duvessa
  5790 | D:7      | Noticed Dowan
  5794 | D:7      | Killed Duvessa
  5799 | D:6      | Killed Dowan
  5799 | D:6      | Reached * piety under Makhleb
  6215 | D:7      | Reached XP level 9. HP: 36/49 MP: 15/15
  6410 | D:4      | Learned a level 5 spell: Lee's Rapid Deconstruction
  6661 | D:7      | Reached skill level 1 in Armour
  6689 | D:7      | Reached skill level 5 in Conjurations
  7184 | D:8      | Noticed a kobold demonologist
  7191 | D:8      | Reached skill level 5 in Fighting
  7193 | D:8      | Noticed a hellwing
  7213 | D:8      | Killed a kobold demonologist
  7213 | D:8      | Reached skill level 5 in Maces & Flails
  7213 | D:8      | Reached XP level 10. HP: 52/59 MP: 14/16
  7214 | D:8      | Found a large runed translucent door.
  7217 | D:8      | Found a large runed translucent door.
  7358 | D:8      | Reached ** piety under Makhleb
  7412 | D:8      | Found a shattered altar of Ashenzari.
  7434 | D:8      | Noticed a two-headed ogre
  7740 | D:8      | Reached skill level 5 in Armour
  8438 | D:8      | Found a deep blue altar of Sif Muna.
  8624 | D:8      | Killed a two-headed ogre
  8873 | D:8      | Found a burning altar of Makhleb.
  8873 | D:8      | Noticed an ogre mage
  8883 | D:8      | Killed an ogre mage
  8883 | D:8      | Reached skill level 1 in Invocations
  9149 | D:8      | Found a shimmering altar of Xom.
  9149 | D:8      | Noticed an ogre mage
  9153 | D:8      | Killed an ogre mage
  9153 | D:8      | Reached skill level 1 in Evocations
  9153 | D:8      | Reached XP level 11. HP: 58/66 MP: 17/17
  9199 | D:9      | Found Luapt's Antique Weapon Emporium.
  9301 | D:9      | Found a stormy altar of Qazlal.
  9305 | D:9      | Found a shimmering altar of Xom.
  9305 | D:9      | Found a glowing silver altar of Zin.
  9576 | D:9      | Found Ututh's Distillery.
  9778 | D:10     | Entered Level 10 of the Dungeon
  9798 | D:10     | Noticed a two-headed ogre
  9810 | D:10     | Killed a two-headed ogre
 10128 | D:10     | Reached *** piety under Makhleb
 10131 | D:10     | Found a runed translucent gate.
 10131 | D:10     | Found a runed translucent gate.
 10131 | D:10     | Found a runed translucent gate.
 10265 | D:10     | Noticed a two-headed ogre
 10274 | D:10     | Killed a two-headed ogre
 10462 | D:10     | Noticed bildradio's ghost (journeyman GrEE)
 10515 | D:10     | Reached skill level 5 in Dodging
 10867 | D:10     | Killed bildradio's ghost
 11089 | D:11     | Found a flagged portal.
 11118 | Bailey   | Entered a bailey
 11124 | Bailey   | Noticed an orc warlord
 11144 | Bailey   | Reached **** piety under Makhleb
 11218 | Bailey   | Found a runed translucent gate.
 11218 | Bailey   | Found a runed translucent gate.
 11218 | Bailey   | Found a runed translucent gate.
 11503 | Bailey   | HP: 1/68 [burnt (7)]
 11756 | Bailey   | Mangled by an orc warlord

Skill      XL: |  1  2  3  4  5  6  7  8  9 10 11 |
---------------+----------------------------------+-----
Earth Magic    | 4 5 6 8 |  8.1
Dodging        | 2 3 4 5 |  5.0
Stealth        | 3 4 5 6 |  6.0
Spellcasting   | 3 4 |  4.0
Conjurations   | 1 2 3 4 6 7 |  7.8
Shields        | 1 2 3 4 |  4.1
Fighting       | 2 5 6 7 |  7.8
Maces & Flails | 2 5 6 7 |  7.4
Armour         | 4 7 8 |  8.8
Invocations    | 1 |  1.2
Evocations     | 1 |  1.4
Transmutations | |  0.7

Action                   |  1- 3 |  4- 6 |  7- 9 | 10-12 || total
-------------------------+-------+-------+-------+-------++-------
Melee: Unarmed           |    11 |       |       |       ||    11
       Dagger            |    19 |    12 |       |       ||    31
       Long sword        |       |       |    17 |       ||    17
       Dire flail        |       |       |   101 |   345 ||   446
 Cast: Sandblast         |    36 |    57 |    89 |    15 ||   197
       Stone Arrow       |       |       |    14 |     3 ||    17
Invok: Lesser Servant of |       |       |       |     5 ||     5
Evoke: Wand              |       |       |       |    19 ||    19
  Use: Scroll            |       |     8 |     7 |     9 ||    24
       Potion            |       |     1 |       |     5 ||     6
 Stab: Sleeping          |     6 |     2 |     2 |     3 ||    13
       Paralysed         |       |       |       |     4 ||     4
       Distracted        |       |       |       |     1 ||     1
  Eat: Chunk             |     3 |     5 |    16 |    15 ||    39
Armor: Robe              |    12 |     6 |    46 |       ||    64
       Chain mail        |       |       |    77 |    70 ||   147
       Ice dragon scales |       |       |       |   161 ||   161
Dodge: Dodged            |    24 |    20 |    95 |   207 ||   346
       Rpst.: Long sword |       |     1 |     2 |       ||     3
